 Dungeon Crawl Stone Soup version 0.30-a0-142-g7370640ec8 (webtiles) character file.

Game seed: 8965267975325051771

42601 qw the Severer (level 14, -1/92 HPs)
             Began as a Gargoyle Fighter on Sept 26, 2022.
             Was a High Priest of Okawaru.
             Slain by Sonja
             ... wielding a +2 dagger of distortion
              (15 damage)
             ... on level 2 of the Lair of Beasts.
             The game lasted 00:16:10 (20533 turns).

qw the Severer (Gargoyle Fighter)                  Turns: 20533, Time: 00:16:11

Health: -1/92      AC: 40    Str: 38    XL:     14   Next: 20%
Magic:  18/21      EV: 11    Int:  8    God:    Okawaru [*****.]
Gold:   556        SH:  7    Dex:  9    Spells: 13/13 levels left

rFire   . . .      SeeInvis .    Y - +3 war axe (vorpal)
rCold   . . .      Faith    .    s - +1 buckler {AC+3}
rNeg    + + +      Spirit   .    c - +0 plate armour
rPois   inf        Reflect  .    p - +1 helmet of the Spheres {rN++ rCorr}
rElec   +          Harm     .    a - +2 cloak
rCorr   +          Rampage  .    u - +2 pair of gloves
Will    +....                    (no boots)
Stlth   ..........               k - amulet of regeneration
HPRegen 1.05/turn                o - +6 ring of strength
MPRegen 0.17/turn                v - +6 ring of strength

@: about to teleport, heroic, finesse-ful, flying
A: sickness immunity, AC +10, big wings, negative energy resistance 1,
electricity resistance, torment resistance 1, petrification resistance
a: Renounce Religion, Heroism, Finesse, Duel


You were on level 2 of the Lair of Beasts.
You worshipped Okawaru.
Okawaru was extremely pleased with you.
You visited 3 branches of the dungeon, and saw 15 of its levels.
You visited the Abyss 4 times.

You collected 589 gold pieces.
You spent 33 gold pieces at shops.


Innate Abilities, Weirdness & Mutations

You are immune to sickness and miasma.
Your stone body is resilient. (AC +10)
You are immune to poison.
Your large and strong wings let you fly.
You resist negative energy. (rN+)
You are resistant to electric shocks. (rElec)
You are resistant to unholy torment.
You are immune to petrification.


   Skills:
 - Level 12.0(17.0) Fighting
 - Level 15.0(20.0) Axes
 - Level 2.7(7.7) Throwing
 + Level 10.6(15.6) Armour
 - Level 3.1(8.1) Dodging
 - Level 7.1(12.1) Shields
 - Level 10.0 Invocations


You had 13 spell levels left.
You didn't know any spells.
Your spell library was empty.

Inventory:

Hand Weapons
 w - a +0 morningstar of draining
 Y - a +3 vorpal war axe (weapon)
Missiles
 n - a boomerang (quivered)
Armour
 a - a +2 cloak (worn)
 c - a +0 plate armour (worn)
 f - +0 acid dragon scales
 l - the +3 crystal plate armour of the Marlin {Harm}
   (Okawaru gifted it to you on level 3 of the Abyss)

   Harm:      It increases damage dealt and taken.
 p - the +1 helmet of the Spheres (worn) {rN++ rCorr}
   (You found it on level 9 of the Dungeon)

   rN:        It greatly protects you from negative energy.
   rCorr:     It protects you from acid and corrosion.
 s - a +1 buckler of protection (worn)
 u - a +2 pair of gloves (worn)
Jewellery
 h - a ring of fire
 k - an amulet of regeneration (around neck)
 o - a +6 ring of strength (left hand)
 v - a +6 ring of strength (right hand)
 x - a ring of protection from cold
Scrolls
 b - 6 scrolls of identify
Potions
 d - 2 potions of might
 e - 2 potions of mutation
 i - 4 potions of attraction
 j - 2 potions of cancellation
 m - 4 potions of lignification
 t - a potion of haste
 A - a potion of resistance

Dungeon Overview and Level Annotations

Branches:
Dungeon (11/15)            Temple (1/1) D:4            Lair (3/5) D:11
  Swamp: Lair:2-3    Shoals: Lair:2-3     Snake: Lair:2-3    Spider: Lair:2-3
    Orc: D:9-12

Altars:
Ashenzari
Cheibriados
Dithmenos
Elyvilon
Fedhas
Gozag
Hepliaklqana
Kikubaaqudgha
Makhleb
Nemelex Xobeh
Okawaru
Qazlal
Ru
Sif Muna
Trog
Uskayaw
Vehumet
Wu Jian
Xom
Yredelemnul
Zin
The Shining One

Shops:
D:3 !

Portals:
Bailey: D:7

Annotations:
D:3 1 runed translucent door, qw's ghost, amateur GrFi
Lair:2 Sonja


Message History

You throw a boomerang. The boomerang hits Sonja.
Sonja is heavily wounded.
Sonja mumbles some strange words.
Sonja blinks!
Sonja is nearby!
Throw: boomerang
Press: ? - help, Q - select action Shift-Dir - straight line, f/p - Sonja You throw a boomerang.
The boomerang hits Sonja.
Sonja is severely wounded.
Throw: boomerang
Press: ? - help, Q - select action Shift-Dir - straight line, f/p - Sonja You throw a boomerang.
The boomerang closely misses Sonja.
Throw: boomerang
Press: ? - help, Q - select action Shift-Dir - straight line, f/p - Sonja You throw a boomerang.
The boomerang misses Sonja.
Sonja mumbles some strange words.
Sonja blinks!
Sonja hits you with a +2 dagger of distortion.
Sonja closely misses you.
Sonja hits you with a +2 dagger of distortion.
Space warps horribly around you!
You miss Sonja.
Sonja is severely wounded.
You hit Sonja.
Sonja is almost dead.
Sonja hits you but does no damage. Space warps horribly around you!
Sonja closely misses you. Sonja hits you but does no damage.
Space warps horribly around you!
20532 ||| INVOKING Heroism.
You gain the combat prowess of a mighty hero.
Sonja hits you with a +2 dagger of distortion.
Space warps horribly around you! Sonja hits you but does no damage.
Space warps around you. You block Sonja's attack.
20533 ||| READING scroll of teleportation.
As you read the scroll of teleportation, it crumbles to dust.
You feel strangely unstable. You block Sonja's attack.
Sonja hits you but does no damage. Space warps around you!
Sonja hits you but does no damage. Space warps horribly around you!
You die...

~~.......
~~......# ##.
........###..#.
..#...#......
..........[.
#....#..P#.
#.%K#......
##..@.......
#...>.......
...............
................
................
..........#..###
..........#....
#####.....#.....
###...P ....


You could see Sonja.

Vanquished Creatures
  4 tentacled starspawn (Abyss:3)
  A blizzard demon (Abyss:3)
  2 two-headed ogres
  A vampire mage (Abyss:3)
  3 thrashing horrors (Abyss:3)
  2 wretched stars (Abyss:3)
  A phantasmal warrior (Abyss:3)
  10 wizards (D:11)
  A deep elf pyromancer (D:10)
  A deep elf zephyrmancer (D:10)
  2 cyclopes
  An ugly thing (D:11)
  A manticore (D:11)
  A black mamba (Lair:2)
  4 elephants (Lair:1)
  A centaur zombie (Abyss:3)
  A smoke demon (Abyss:3)
  An orange demon (Abyss:3)
  2 kobold demonologists (Abyss:3)
  3 cane toads (Lair:1)
  2 rime drakes
  An unseen horror (D:11)
  A tormentor (Abyss:3)
  3 komodo dragons (Lair:1)
  A rime drake (shapeshifter) (Abyss:3)
  4 ancient zymes (Abyss:3)
  A harpy zombie (Abyss:3)
  A large abomination (Abyss:3)
  3 trolls
  9 blink frogs (Lair:1)
  3 raiju (Abyss:3)
  A shadow (D:11)
  2 wraiths
  31 yaks
  A basilisk (Lair:3)
  2 wyverns
  3 chaos spawn
  A neqoxec (Abyss:3)
  3 acid dragons
  6 vampire mosquitoes
  6 water moccasins
  A swamp drake (D:10)
  3 orc warriors
  11 starcursed masses (Abyss:3)
  An ice beast (D:7)
  3 wolves (Lair:1)
  7 black bears
  7 centaurs
  7 small abominations (Abyss:3)
  2 phantoms
  3 kobold brigands
  11 bullfrogs
  A gnoll sergeant (D:7)
  4 scorpions
  6 wights
  15 killer bees
  4 howler monkeys
  A crimson imp (D:10)
  7 orc priests
  8 hounds
  A jelly (D:5)
  3 iron imps
  Jessica (D:2)
  4 iguanas
  Natasha (twice) (D:2)
  5 orc wizards
  17 gnolls
  8 adders
  A shadow imp (D:10)
  3 white imps
  4 ufetubi
  3 dart slugs (D:2)
  27 orcs
  15 endoplasms
  3 giant cockroaches
  9 goblins
  5 hobgoblins
  2 quokkas
  3 ball pythons
  6 bats
  6 frilled lizards
  18 kobolds
  7 rats
  5 starspawn tentacles (Abyss:3)
388 creatures vanquished.

Vanquished Creatures (others)
  A wizard (D:11)
  An orc (D:10)
  A kobold (D:9)
  52 fungi
  54 plants
  7 starspawn tentacles (Abyss:3)
116 creatures vanquished.

Grand Total: 504 creatures vanquished

Notes
Turn   | Place    | Note
-------+----------+-------------------------------------------
     0 | D:1      | qw the Gargoyle Fighter began the quest for the Orb.
     0 | D:1      | Reached XP level 1. HP: 14/14 MP: 1/1
     0 | D:1      | 0 ||| qw: Version: 0.2-a-10-g399e6c4
     0 | D:1      | 0 ||| qw: Game counter: 488
     0 | D:1      | 0 ||| qw: Always use a shield: true
     0 | D:1      | 0 ||| qw: God list: Okawaru
     0 | D:1      | 0 ||| qw: Allow faded altars: false
     0 | D:1      | 0 ||| qw: Do Orc after D:15 true
     0 | D:1      | 0 ||| qw: Do second Lair branch before Depths: true
     0 | D:1      | 0 ||| qw: Lair rune preference: random
     0 | D:1      | 0 ||| qw: Plans: Normal, Zot:1-4, God:TSO, Crypt, Tomb,
                  | Pan, Slime:5, Hells, Abyss, Orb
     0 | D:1      | 0 ||| PLANNING D:1-11
   148 | D:1      | Reached skill level 2 in Axes
   385 | D:1      | 385 ||| Stepping ~*~*~tactically~*~*~ (stealth).
   395 | D:1      | Reached XP level 2. HP: 9/19 MP: 2/2
  1212 | D:1      | Reached skill level 3 in Axes
  1219 | D:1      | Reached XP level 3. HP: 23/23 MP: 3/3
  1239 | D:1      | 1239 ||| UPGRADING to +0 chain mail.
  1249 | D:1      | 1249 ||| DROPPING +0 scale mail.
  1250 | D:1      | 1250 ||| DROPPING ring of magical power.
  1251 | D:1      | 1251 ||| READING scroll labelled PODYTO EPTERGH.
  1252 | D:1      | 1252 ||| READING scroll labelled RERERR NAEMP.
  1253 | D:1      | 1253 ||| READING scroll labelled XAUDDI FARU.
  1254 | D:1      | 1254 ||| READING 2 scrolls labelled SIMOEGASTRU.
  1255 | D:1      | 1255 ||| READING scroll labelled DUPRARIXTI.
  1256 | D:1      | 1256 ||| READING scroll labelled METOUSUTRA.
  1261 | D:1      | 1261 ||| DROPPING scroll of magic mapping.
  1493 | D:2      | Noticed Jessica
  1496 | D:2      | Killed Jessica
  1497 | D:2      | Reached XP level 4. HP: 16/28 MP: 4/4
  1694 | D:2      | 1694 ||| Stepping ~*~*~tactically~*~*~ (hiding).
  1839 | D:2      | Reached skill level 4 in Axes
  2368 | D:2      | Reached XP level 5. HP: 32/32 MP: 5/5
  2579 | D:2      | Noticed Natasha
  2583 | D:2      | Killed Natasha
  2631 | D:2      | Noticed Natasha
  2632 | D:2      | 2632 ||| Stepping ~*~*~tactically~*~*~ (stealth).
  2660 | D:2      | Killed Natasha
  2661 | D:2      | Reached skill level 5 in Axes
  2677 | D:2      | Found a faded altar of an unknown god.
  2803 | D:2      | 2803 ||| READING 3 scrolls of identify.
  2803 | D:2      | 2803 ||| IDENTIFYING fizzy green potion
  2804 | D:2      | 2804 ||| READING 2 scrolls of identify.
  2804 | D:2      | 2804 ||| IDENTIFYING emerald potion
  2805 | D:2      | 2805 ||| DROPPING potion of berserk rage.
  2966 | D:3      | Found Xaprorad's Distillery.
  2969 | D:3      | 2969 ||| SHOPLISTING 2 potions of curing (66 gold, have
                  | 47).
  2969 | D:3      | 2969 ||| SHOPLISTING 2 potions of haste (220 gold, have
                  | 47).
  2969 | D:3      | 2969 ||| BUYING potion of attraction (33 gold).
  2969 | D:3      | Bought a potion of attraction for 33 gold pieces
  2969 | D:3      | 2969 ||| SHOPLISTING potion of attraction (33 gold, have
                  | 14).
  2969 | D:3      | 2969 ||| SHOPLISTING potion of curing (33 gold, have 14).
  2969 | D:3      | 2969 ||| SHOPLISTING potion of lignification (33 gold, have
                  | 14).
  2969 | D:3      | 2969 ||| SHOPLISTING potion of mutation (88 gold, have 14).
  2969 | D:3      | 2969 ||| SHOPLISTING potion of resistance (110 gold, have
                  | 14).
  2997 | D:3      | Reached XP level 6. HP: 34/38 MP: 6/6
  3060 | D:3      | 3060 ||| Stepping ~*~*~tactically~*~*~ (stealth).
  3107 | D:3      | 3107 ||| Stepping ~*~*~tactically~*~*~ (stealth).
  3108 | D:3      | 3108 ||| Stepping ~*~*~tactically~*~*~ (stealth).
  3197 | D:3      | Found a shadowy altar of Dithmenos.
  3348 | D:3      | Found a runed translucent door.
  3352 | D:3      | Noticed qw's ghost (amateur GrFi)
  3654 | D:3      | 3654 ||| UPGRADING to amulet of regeneration.
  3659 | D:3      | 3659 ||| READING 2 scrolls labelled DEGGIPL HIOCYL.
  3660 | D:3      | 3660 ||| READING 3 scrolls of identify.
  3660 | D:3      | 3660 ||| IDENTIFYING lumpy red potion
  3661 | D:3      | 3661 ||| READING 2 scrolls of identify.
  3661 | D:3      | 3661 ||| IDENTIFYING lumpy emerald potion
  3662 | D:3      | 3662 ||| DROPPING scroll of vulnerability.
  3701 | D:3      | 3701 ||| READING 2 scrolls of identify.
  3701 | D:3      | 3701 ||| IDENTIFYING sapphire potion
  3738 | D:4      | 3738 ||| Stepping ~*~*~tactically~*~*~ (stealth).
  3739 | D:4      | 3739 ||| Stepping ~*~*~tactically~*~*~ (stealth).
  3753 | D:4      | 3753 ||| DROPPING +0 whip.
  3800 | D:4      | 3800 ||| Stepping ~*~*~tactically~*~*~ (hiding).
  3885 | D:4      | Reached skill level 6 in Axes
  3885 | D:4      | Found a staircase to the Ecumenical Temple.
  3886 | D:4      | 3886 ||| PLANNING TEMPLE
  3886 | D:4      | 3886 ||| READING scroll labelled GUOSSU DOGEHIERY.
  3886 | D:4      | Identified a scroll of acquirement
  3886 | D:4      | 3886 ||| ACQUIRING +2 vorpal war axe
  3886 | D:4      | Acquired a +2 vorpal war axe
  3888 | D:4      | 3888 ||| SWAPPING to +2 vorpal war axe.
  3889 | D:4      | 3889 ||| DROPPING +0 war axe.
  3898 | Temple   | Entered the Ecumenical Temple
  3947 | Temple   | 3947 ||| PLANNING OKAWARU WORSHIP
  4055 | Temple   | Became a worshipper of Warmaster Okawaru
  4056 | Temple   | 4056 ||| PLANNING D:1-11
  4253 | D:4      | 4253 ||| Stepping ~*~*~tactically~*~*~ (hiding).
  4255 | D:4      | 4255 ||| Stepping ~*~*~tactically~*~*~ (hiding).
  4267 | D:4      | 4267 ||| Stepping ~*~*~tactically~*~*~ (stealth).
  4272 | D:4      | 4272 ||| Stepping ~*~*~tactically~*~*~ (stealth).
  4280 | D:4      | 4280 ||| Stepping ~*~*~tactically~*~*~ (stealth).
  4286 | D:4      | 4286 ||| Stepping ~*~*~tactically~*~*~ (stealth).
  4289 | D:4      | 4289 ||| Stepping ~*~*~tactically~*~*~ (stealth).
  4293 | D:4      | 4293 ||| Stepping ~*~*~tactically~*~*~ (stealth).
  4297 | D:4      | Reached skill level 1 in Dodging
  4302 | D:4      | Reached XP level 7. HP: 31/43 MP: 7/7
  4411 | D:4      | 4411 ||| READING scroll labelled BOCKIZX MAESS.
  4412 | D:4      | 4412 ||| READING scroll labelled COFEFESTR LIURCH.
  4436 | D:5      | Entered Level 5 of the Dungeon
  4656 | D:5      | 4656 ||| Stepping ~*~*~tactically~*~*~ (stealth).
  4658 | D:5      | 4658 ||| Stepping ~*~*~tactically~*~*~ (stealth).
  4670 | D:5      | Reached * piety under Okawaru
  4671 | D:5      | Reached skill level 7 in Axes
  4671 | D:5      | 4671 ||| Stepping ~*~*~tactically~*~*~ (stealth).
  4774 | D:5      | 4774 ||| INVOKING Heroism.
  4785 | D:5      | 4785 ||| INVOKING Heroism.
  4817 | D:5      | 4817 ||| DROPPING +0 flail.
  4954 | D:5      | Reached skill level 1 in Invocations
  5101 | D:5      | Reached XP level 8. HP: 48/49 MP: 9/9
  5398 | D:5      | 5398 ||| UPGRADING to +1 cloak.
  5403 | D:5      | 5403 ||| DRINKING 2 fuming dark potions.
  5404 | D:5      | 5404 ||| READING 3 scrolls of identify.
  5404 | D:5      | 5404 ||| IDENTIFYING glowing coppery potion
  5405 | D:5      | 5405 ||| DROPPING potion of degeneration.
  5433 | D:6      | 5433 ||| STAIRDANCE
  5452 | D:6      | 5452 ||| STAIRDANCE
  5466 | D:6      | 5466 ||| STAIRDANCE
  5474 | D:6      | 5474 ||| STAIRDANCE
  5476 | D:5      | 5476 ||| INVOKING Heroism.
  5508 | D:6      | 5508 ||| Stepping ~*~*~tactically~*~*~ (stealth).
  5528 | D:6      | Reached skill level 3 in Invocations
  5612 | D:6      | 5612 ||| INVOKING Heroism.
  5619 | D:6      | Reached ** piety under Okawaru
  5620 | D:6      | Reached skill level 8 in Axes
  5632 | D:6      | 5632 ||| INVOKING Heroism.
  5635 | D:6      | HP: 12/51 [water moccasin (3)]
  5636 | D:6      | 5636 ||| READING 4 scrolls of teleportation.
  5638 | D:6      | Reached skill level 6 in Fighting
  5660 | D:6      | 5660 ||| Stepping ~*~*~tactically~*~*~ (hiding).
  5666 | D:6      | 5666 ||| INVOKING Heroism.
  5673 | D:6      | Reached XP level 9. HP: 45/56 MP: 9/12
  5993 | D:6      | 5993 ||| Stepping ~*~*~tactically~*~*~ (stealth).
  5995 | D:6      | 5995 ||| INVOKING Heroism.
  6066 | D:6      | Found a basalt altar of Yredelemnul.
  6180 | D:6      | 6180 ||| Stepping ~*~*~tactically~*~*~ (stealth).
  6182 | D:6      | 6182 ||| Stepping ~*~*~tactically~*~*~ (hiding).
  6310 | D:6      | 6310 ||| DROPPING amulet of magic regeneration.
  6311 | D:6      | 6311 ||| UPGRADING to +6 ring of strength.
  6312 | D:6      | 6312 ||| READING scroll labelled KUATHR PUEDGHIUN.
  6328 | D:7      | 6328 ||| READING scroll of enchant armour.
  6328 | D:7      | 6328 ||| ENCHANTING +1 cloak.
  6330 | D:7      | Found a basalt altar of Yredelemnul.
  6429 | D:7      | Reached skill level 9 in Axes
  6476 | D:7      | Found a flagged portal.
  6535 | D:7      | Reached skill level 1 in Throwing
  6594 | D:7      | Reached *** piety under Okawaru
  6602 | D:7      | 6602 ||| INVOKING Heroism.
  6626 | D:7      | Found a sparkling altar of Nemelex Xobeh.
  6645 | D:7      | Found a broken altar of Ashenzari.
  6653 | D:7      | Identified the +1 ring mail of the Grue {Str+5}
  6655 | D:7      | 6655 ||| Stepping ~*~*~tactically~*~*~ (stealth).
  6656 | D:7      | 6656 ||| INVOKING Heroism.
  6657 | D:7      | 6657 ||| Stepping ~*~*~tactically~*~*~ (hiding).
  6658 | D:7      | 6658 ||| Stepping ~*~*~tactically~*~*~ (hiding).
  6660 | D:7      | 6660 ||| Stepping ~*~*~tactically~*~*~ (hiding).
  6915 | D:7      | 6915 ||| UPGRADING to +1 buckler of protection.
  6925 | D:7      | 6925 ||| DROPPING +0 buckler.
  6945 | D:8      | 6945 ||| INVOKING Heroism.
  6963 | D:8      | Reached skill level 10 in Axes
  6964 | D:8      | Reached XP level 10. HP: 35/63 MP: 13/13
  7090 | D:8      | 7090 ||| INVOKING Heroism.
  7252 | D:8      | Reached **** piety under Okawaru
  7284 | D:8      | Noticed a two-headed ogre
  7285 | D:8      | 7285 ||| INVOKING Heroism.
  7290 | D:8      | Killed a two-headed ogre
  7309 | D:8      | Found a burning altar of Makhleb.
  7350 | D:8      | 7350 ||| READING scroll of brand weapon.
  7350 | D:8      | 7350 ||| BRANDING +2 war axe of venom.
  7522 | D:8      | 7522 ||| UPGRADING to +0 plate armour.
  7532 | D:8      | 7532 ||| DROPPING +0 chain mail.
  7533 | D:8      | 7533 ||| UPGRADING to +0 pair of gloves.
  7538 | D:8      | 7538 ||| READING 2 scrolls of enchant armour.
  7538 | D:8      | 7538 ||| ENCHANTING +0 pair of gloves.
  7539 | D:8      | 7539 ||| READING scroll of enchant armour.
  7539 | D:8      | 7539 ||| ENCHANTING +1 pair of gloves.
  7540 | D:8      | 7540 ||| READING 2 scrolls labelled ATHEOPH CYTUEK.
  7541 | D:8      | 7541 ||| READING 6 scrolls of identify.
  7541 | D:8      | 7541 ||| IDENTIFYING red potion
  7542 | D:8      | 7542 ||| READING 5 scrolls of identify.
  7542 | D:8      | 7542 ||| IDENTIFYING grey potion
  7543 | D:8      | 7543 ||| DROPPING scroll of butterflies.
  7544 | D:8      | 7544 ||| DROPPING potion of flight.
  7617 | D:9      | 7617 ||| Stepping ~*~*~tactically~*~*~ (stealth).
  7619 | D:9      | 7619 ||| Stepping ~*~*~tactically~*~*~ (stealth).
  7620 | D:9      | 7620 ||| INVOKING Heroism.
  7628 | D:9      | 7628 ||| Stepping ~*~*~tactically~*~*~ (stealth).
  7647 | D:9      | 7647 ||| Stepping ~*~*~tactically~*~*~ (hiding).
  7681 | D:9      | 7681 ||| Stepping ~*~*~tactically~*~*~ (hiding).
  7682 | D:9      | 7682 ||| Stepping ~*~*~tactically~*~*~ (hiding).
  7683 | D:9      | 7683 ||| Stepping ~*~*~tactically~*~*~ (hiding).
  7916 | D:9      | 7916 ||| INVOKING Heroism.
  7939 | D:9      | 7939 ||| FLEEEEING.
  7940 | D:9      | 7940 ||| FLEEEEING.
  7941 | D:9      | 7941 ||| FLEEEEING.
  7948 | D:9      | 7948 ||| STAIRDANCE
  7987 | D:8      | 7987 ||| READING scroll labelled MESKER HUUFF.
  8000 | D:9      | Found a shimmering blue altar of Sif Muna.
  8030 | D:9      | Noticed a cyclops
  8031 | D:9      | 8031 ||| INVOKING Heroism.
  8034 | D:9      | Killed a cyclops
  8035 | D:9      | Reached skill level 6 in Armour
  8035 | D:9      | Reached skill level 6 in Invocations
  8053 | D:9      | 8053 ||| Stepping ~*~*~tactically~*~*~ (stealth).
  8055 | D:9      | 8055 ||| Stepping ~*~*~tactically~*~*~ (stealth).
  8064 | D:9      | Found a glowing silver altar of Zin.
  8193 | D:9      | 8193 ||| DROPPING +0 morningstar.
  8218 | D:9      | 8218 ||| INVOKING Heroism.
  8232 | D:9      | 8232 ||| FLEEEEING.
  8233 | D:9      | 8233 ||| FLEEEEING.
  8234 | D:9      | 8234 ||| FLEEEEING.
  8235 | D:9      | 8235 ||| FLEEEEING.
  8236 | D:9      | 8236 ||| FLEEEEING.
  8237 | D:9      | 8237 ||| FLEEEEING.
  8238 | D:9      | 8238 ||| FLEEEEING.
  8238 | D:9      | HP: 12/64 [centaur/arrow (8)]
  8239 | D:9      | 8239 ||| FLEEEEING.
  8240 | D:9      | 8240 ||| FLEEEEING.
  8241 | D:9      | 8241 ||| FLEEEEING.
  8248 | D:9      | 8248 ||| STAIRDANCE
  8291 | D:8      | 8291 ||| UPGRADING to ring of protection from cold.
  8292 | D:8      | 8292 ||| UPGRADING to +6 ring of strength.
  8304 | D:9      | 8304 ||| INVOKING Heroism.
  8321 | D:9      | 8321 ||| FLEEEEING.
  8322 | D:9      | 8322 ||| FLEEEEING.
  8356 | D:9      | 8356 ||| INVOKING Heroism.
  8363 | D:9      | 8363 ||| FLEEEEING.
  8364 | D:9      | 8364 ||| FLEEEEING.
  8429 | D:9      | 8429 ||| INVOKING Heroism.
  8444 | D:9      | 8444 ||| FLEEEEING.
  8445 | D:9      | 8445 ||| FLEEEEING.
  8446 | D:9      | 8446 ||| FLEEEEING.
  8528 | D:9      | Identified the +1 helmet of the Spheres {rN++ rCorr}
  8589 | D:9      | 8589 ||| INVOKING Heroism.
  8670 | D:9      | 8670 ||| INVOKING Heroism.
  8684 | D:9      | 8684 ||| FLEEEEING.
  8685 | D:9      | 8685 ||| FLEEEEING.
  8685 | D:9      | HP: 12/64 [centaur/arrow (9)]
  8686 | D:9      | 8686 ||| FLEEEEING.
  8687 | D:9      | 8687 ||| FLEEEEING.
  8688 | D:9      | 8688 ||| FLEEEEING.
  8689 | D:9      | 8689 ||| FLEEEEING.
  8690 | D:9      | 8690 ||| FLEEEEING.
  8816 | D:9      | 8816 ||| FLEEEEING.
  8817 | D:9      | 8817 ||| FLEEEEING.
  8820 | D:9      | 8820 ||| FLEEEEING.
  8857 | D:9      | 8857 ||| FLEEEEING.
  8858 | D:9      | 8858 ||| FLEEEEING.
  8859 | D:9      | 8859 ||| FLEEEEING.
  8871 | D:9      | 8871 ||| INVOKING Heroism.
  8880 | D:9      | 8880 ||| FLEEEEING.
  8881 | D:9      | 8881 ||| FLEEEEING.
  8882 | D:9      | 8882 ||| FLEEEEING.
  8929 | D:9      | 8929 ||| FLEEEEING.
  8930 | D:9      | 8930 ||| FLEEEEING.
  8931 | D:9      | 8931 ||| FLEEEEING.
  8942 | D:9      | 8942 ||| FLEEEEING.
  8943 | D:9      | 8943 ||| FLEEEEING.
  8959 | D:9      | 8959 ||| FLEEEEING.
  8975 | D:9      | 8975 ||| FLEEEEING.
  8992 | D:9      | 8992 ||| INVOKING Heroism.
  9018 | D:9      | 9018 ||| FLEEEEING.
  9019 | D:9      | 9019 ||| FLEEEEING.
  9067 | D:9      | 9067 ||| INVOKING Heroism.
  9083 | D:9      | 9083 ||| FLEEEEING.
  9084 | D:9      | 9084 ||| FLEEEEING.
  9085 | D:9      | 9085 ||| FLEEEEING.
  9126 | D:9      | 9126 ||| FLEEEEING.
  9135 | D:9      | 9135 ||| FLEEEEING.
  9162 | D:9      | 9162 ||| INVOKING Heroism.
  9188 | D:9      | 9188 ||| FLEEEEING.
  9189 | D:9      | 9189 ||| FLEEEEING.
  9222 | D:9      | 9222 ||| INVOKING Heroism.
  9237 | D:9      | 9237 ||| FLEEEEING.
  9257 | D:9      | 9257 ||| FLEEEEING.
  9287 | D:9      | 9287 ||| FLEEEEING.
  9288 | D:9      | 9288 ||| INVOKING Heroism.
  9311 | D:9      | 9311 ||| FLEEEEING.
  9312 | D:9      | 9312 ||| FLEEEEING.
  9313 | D:9      | 9313 ||| FLEEEEING.
  9354 | D:9      | 9354 ||| INVOKING Heroism.
  9368 | D:9      | 9368 ||| FLEEEEING.
  9369 | D:9      | 9369 ||| FLEEEEING.
  9427 | D:9      | 9427 ||| FLEEEEING.
  9428 | D:9      | 9428 ||| FLEEEEING.
  9429 | D:9      | 9429 ||| FLEEEEING.
  9461 | D:9      | 9461 ||| INVOKING Heroism.
  9494 | D:9      | 9494 ||| FLEEEEING.
  9495 | D:9      | 9495 ||| FLEEEEING.
  9516 | D:9      | 9516 ||| Stepping ~*~*~tactically~*~*~ (stealth).
  9535 | D:9      | 9535 ||| INVOKING Heroism.
  9557 | D:9      | 9557 ||| FLEEEEING.
  9558 | D:9      | 9558 ||| FLEEEEING.
  9559 | D:9      | 9559 ||| FLEEEEING.
  9580 | D:9      | 9580 ||| INVOKING Heroism.
  9609 | D:9      | 9609 ||| FLEEEEING.
  9610 | D:9      | 9610 ||| FLEEEEING.
  9634 | D:9      | 9634 ||| INVOKING Heroism.
  9655 | D:9      | 9655 ||| FLEEEEING.
  9656 | D:9      | 9656 ||| FLEEEEING.
  9657 | D:9      | 9657 ||| FLEEEEING.
  9703 | D:9      | 9703 ||| INVOKING Heroism.
  9738 | D:9      | 9738 ||| FLEEEEING.
  9739 | D:9      | 9739 ||| FLEEEEING.
  9769 | D:9      | 9769 ||| INVOKING Heroism.
  9810 | D:9      | 9810 ||| FLEEEEING.
  9811 | D:9      | 9811 ||| FLEEEEING.
  9812 | D:9      | 9812 ||| FLEEEEING.
  9813 | D:9      | 9813 ||| FLEEEEING.
  9814 | D:9      | 9814 ||| FLEEEEING.
  9815 | D:9      | 9815 ||| FLEEEEING.
  9816 | D:9      | 9816 ||| FLEEEEING.
  9870 | D:9      | 9870 ||| FLEEEEING.
  9880 | D:9      | 9880 ||| INVOKING Heroism.
  9897 | D:9      | 9897 ||| FLEEEEING.
  9898 | D:9      | 9898 ||| FLEEEEING.
  9898 | D:9      | HP: 12/64 [centaur/arrow (6)]
  9899 | D:9      | 9899 ||| FLEEEEING.
  9963 | D:9      | 9963 ||| INVOKING Heroism.
  9970 | D:9      | 9970 ||| FLEEEEING.
  9971 | D:9      | 9971 ||| FLEEEEING.
  9972 | D:9      | 9972 ||| FLEEEEING.
 10019 | D:9      | 10019 ||| FLEEEEING.
 10033 | D:9      | 10033 ||| FLEEEEING.
 10034 | D:9      | 10034 ||| FLEEEEING.
 10035 | D:9      | 10035 ||| FLEEEEING.
 10055 | D:9      | 10055 ||| INVOKING Heroism.
 10060 | D:9      | 10060 ||| FLEEEEING.
 10061 | D:9      | 10061 ||| FLEEEEING.
 10062 | D:9      | 10062 ||| FLEEEEING.
 10116 | D:9      | 10116 ||| INVOKING Heroism.
 10138 | D:9      | 10138 ||| FLEEEEING.
 10139 | D:9      | 10139 ||| FLEEEEING.
 10179 | D:9      | 10179 ||| FLEEEEING.
 10180 | D:9      | 10180 ||| FLEEEEING.
 10181 | D:9      | 10181 ||| FLEEEEING.
 10216 | D:9      | 10216 ||| FLEEEEING.
 10239 | D:9      | 10239 ||| FLEEEEING.
 10253 | D:9      | 10253 ||| INVOKING Heroism.
 10261 | D:9      | 10261 ||| FLEEEEING.
 10262 | D:9      | 10262 ||| FLEEEEING.
 10263 | D:9      | 10263 ||| FLEEEEING.
 10320 | D:9      | 10320 ||| INVOKING Heroism.
 10349 | D:9      | 10349 ||| FLEEEEING.
 10350 | D:9      | 10350 ||| FLEEEEING.
 10375 | D:9      | 10375 ||| INVOKING Heroism.
 10404 | D:9      | 10404 ||| FLEEEEING.
 10412 | D:9      | 10412 ||| FLEEEEING.
 10451 | D:9      | 10451 ||| INVOKING Heroism.
 10488 | D:9      | 10488 ||| FLEEEEING.
 10489 | D:9      | 10489 ||| FLEEEEING.
 10490 | D:9      | 10490 ||| FLEEEEING.
 10491 | D:9      | 10491 ||| FLEEEEING.
 10506 | D:9      | 10506 ||| FLEEEEING.
 10517 | D:9      | 10517 ||| INVOKING Heroism.
 10545 | D:9      | 10545 ||| FLEEEEING.
 10546 | D:9      | 10546 ||| FLEEEEING.
 10547 | D:9      | 10547 ||| FLEEEEING.
 10578 | D:9      | 10578 ||| INVOKING Heroism.
 10606 | D:9      | 10606 ||| FLEEEEING.
 10607 | D:9      | 10607 ||| FLEEEEING.
 10654 | D:9      | 10654 ||| FLEEEEING.
 10669 | D:9      | 10669 ||| INVOKING Heroism.
 10689 | D:9      | HP: 15/64 [centaur/arrow (11)]
 10690 | D:9      | 10690 ||| FLEEEEING.
 10691 | D:9      | 10691 ||| FLEEEEING.
 10751 | D:9      | 10751 ||| INVOKING Heroism.
 10769 | D:9      | 10769 ||| FLEEEEING.
 10770 | D:9      | 10770 ||| FLEEEEING.
 10771 | D:9      | 10771 ||| FLEEEEING.
 10809 | D:9      | 10809 ||| INVOKING Heroism.
 10836 | D:9      | 10836 ||| FLEEEEING.
 10837 | D:9      | 10837 ||| FLEEEEING.
 10882 | D:9      | 10882 ||| FLEEEEING.
 10883 | D:9      | 10883 ||| FLEEEEING.
 10884 | D:9      | 10884 ||| FLEEEEING.
 10903 | D:9      | 10903 ||| FLEEEEING.
 10904 | D:9      | 10904 ||| FLEEEEING.
 10915 | D:9      | 10915 ||| FLEEEEING.
 10916 | D:9      | 10916 ||| FLEEEEING.
 10947 | D:9      | 10947 ||| INVOKING Heroism.
 10981 | D:9      | 10981 ||| FLEEEEING.
 10982 | D:9      | 10982 ||| FLEEEEING.
 11018 | D:9      | 11018 ||| INVOKING Heroism.
 11055 | D:9      | 11055 ||| FLEEEEING.
 11056 | D:9      | 11056 ||| FLEEEEING.
 11057 | D:9      | 11057 ||| FLEEEEING.
 11058 | D:9      | 11058 ||| FLEEEEING.
 11059 | D:9      | 11059 ||| FLEEEEING.
 11060 | D:9      | 11060 ||| FLEEEEING.
 11107 | D:9      | 11107 ||| INVOKING Heroism.
 11129 | D:9      | 11129 ||| FLEEEEING.
 11130 | D:9      | 11130 ||| FLEEEEING.
 11131 | D:9      | 11131 ||| FLEEEEING.
 11167 | D:9      | 11167 ||| INVOKING Heroism.
 11180 | D:9      | 11180 ||| FLEEEEING.
 11181 | D:9      | 11181 ||| FLEEEEING.
 11206 | D:9      | 11206 ||| INVOKING Heroism.
 11233 | D:9      | 11233 ||| FLEEEEING.
 11234 | D:9      | 11234 ||| FLEEEEING.
 11269 | D:9      | 11269 ||| INVOKING Heroism.
 11290 | D:9      | 11290 ||| FLEEEEING.
 11291 | D:9      | 11291 ||| FLEEEEING.
 11299 | D:9      | 11299 ||| Stepping ~*~*~tactically~*~*~ (hiding).
 11300 | D:9      | 11300 ||| Stepping ~*~*~tactically~*~*~ (hiding).
 11302 | D:9      | 11302 ||| Stepping ~*~*~tactically~*~*~ (hiding).
 11308 | D:9      | 11308 ||| INVOKING Heroism.
 11344 | D:9      | 11344 ||| INVOKING Heroism.
 11361 | D:9      | 11361 ||| FLEEEEING.
 11362 | D:9      | 11362 ||| FLEEEEING.
 11363 | D:9      | 11363 ||| FLEEEEING.
 11364 | D:9      | 11364 ||| FLEEEEING.
 11408 | D:9      | 11408 ||| INVOKING Heroism.
 11429 | D:9      | 11429 ||| FLEEEEING.
 11430 | D:9      | 11430 ||| FLEEEEING.
 11434 | D:9      | 11434 ||| FLEEEEING.
 11435 | D:9      | 11435 ||| FLEEEEING.
 11436 | D:9      | 11436 ||| FLEEEEING.
 11440 | D:9      | 11440 ||| FLEEEEING.
 11441 | D:9      | 11441 ||| FLEEEEING.
 11442 | D:9      | 11442 ||| FLEEEEING.
 11504 | D:9      | 11504 ||| INVOKING Heroism.
 11523 | D:9      | 11523 ||| FLEEEEING.
 11524 | D:9      | 11524 ||| FLEEEEING.
 11525 | D:9      | 11525 ||| FLEEEEING.
 11561 | D:9      | 11561 ||| INVOKING Heroism.
 11579 | D:9      | 11579 ||| FLEEEEING.
 11580 | D:9      | 11580 ||| FLEEEEING.
 11584 | D:9      | 11584 ||| FLEEEEING.
 11585 | D:9      | 11585 ||| FLEEEEING.
 11586 | D:9      | 11586 ||| FLEEEEING.
 11590 | D:9      | 11590 ||| FLEEEEING.
 11591 | D:9      | 11591 ||| FLEEEEING.
 11592 | D:9      | 11592 ||| FLEEEEING.
 11635 | D:9      | 11635 ||| INVOKING Heroism.
 11643 | D:9      | 11643 ||| FLEEEEING.
 11644 | D:9      | 11644 ||| FLEEEEING.
 11645 | D:9      | 11645 ||| FLEEEEING.
 11649 | D:9      | 11649 ||| FLEEEEING.
 11650 | D:9      | 11650 ||| FLEEEEING.
 11651 | D:9      | 11651 ||| FLEEEEING.
 11655 | D:9      | 11655 ||| FLEEEEING.
 11656 | D:9      | 11656 ||| FLEEEEING.
 11657 | D:9      | 11657 ||| FLEEEEING.
 11711 | D:9      | 11711 ||| INVOKING Heroism.
 11723 | D:9      | 11723 ||| FLEEEEING.
 11724 | D:9      | 11724 ||| FLEEEEING.
 11725 | D:9      | 11725 ||| FLEEEEING.
 11763 | D:9      | 11763 ||| INVOKING Heroism.
 11791 | D:9      | 11791 ||| FLEEEEING.
 11792 | D:9      | 11792 ||| FLEEEEING.
 11801 | D:9      | 11801 ||| INVOKING Heroism.
 11836 | D:9      | 11836 ||| FLEEEEING.
 11837 | D:9      | 11837 ||| FLEEEEING.
 11841 | D:9      | 11841 ||| FLEEEEING.
 11842 | D:9      | 11842 ||| FLEEEEING.
 11843 | D:9      | 11843 ||| FLEEEEING.
 11847 | D:9      | 11847 ||| FLEEEEING.
 11848 | D:9      | 11848 ||| FLEEEEING.
 11849 | D:9      | 11849 ||| FLEEEEING.
 11915 | D:9      | 11915 ||| INVOKING Heroism.
 11928 | D:9      | 11928 ||| FLEEEEING.
 11929 | D:9      | 11929 ||| FLEEEEING.
 11957 | D:9      | 11957 ||| FLEEEEING.
 11961 | D:9      | 11961 ||| FLEEEEING.
 11962 | D:9      | 11962 ||| FLEEEEING.
 11963 | D:9      | 11963 ||| FLEEEEING.
 11967 | D:9      | 11967 ||| FLEEEEING.
 11968 | D:9      | 11968 ||| FLEEEEING.
 11969 | D:9      | 11969 ||| FLEEEEING.
 12022 | D:9      | 12022 ||| INVOKING Heroism.
 12036 | D:9      | 12036 ||| FLEEEEING.
 12037 | D:9      | 12037 ||| FLEEEEING.
 12038 | D:9      | 12038 ||| FLEEEEING.
 12042 | D:9      | 12042 ||| FLEEEEING.
 12043 | D:9      | 12043 ||| FLEEEEING.
 12044 | D:9      | 12044 ||| FLEEEEING.
 12089 | D:9      | 12089 ||| FLEEEEING.
 12090 | D:9      | 12090 ||| FLEEEEING.
 12091 | D:9      | 12091 ||| FLEEEEING.
 12095 | D:9      | 12095 ||| FLEEEEING.
 12096 | D:9      | 12096 ||| FLEEEEING.
 12097 | D:9      | 12097 ||| FLEEEEING.
 12101 | D:9      | 12101 ||| FLEEEEING.
 12102 | D:9      | 12102 ||| FLEEEEING.
 12103 | D:9      | 12103 ||| FLEEEEING.
 12142 | D:9      | 12142 ||| FLEEEEING.
 12143 | D:9      | 12143 ||| FLEEEEING.
 12144 | D:9      | 12144 ||| FLEEEEING.
 12145 | D:9      | 12145 ||| FLEEEEING.
 12149 | D:9      | 12149 ||| FLEEEEING.
 12150 | D:9      | 12150 ||| FLEEEEING.
 12151 | D:9      | 12151 ||| FLEEEEING.
 12155 | D:9      | 12155 ||| FLEEEEING.
 12156 | D:9      | 12156 ||| FLEEEEING.
 12157 | D:9      | 12157 ||| FLEEEEING.
 12217 | D:9      | 12217 ||| FLEEEEING.
 12218 | D:9      | 12218 ||| FLEEEEING.
 12219 | D:9      | 12219 ||| FLEEEEING.
 12227 | D:9      | 12227 ||| FLEEEEING.
 12240 | D:9      | 12240 ||| FLEEEEING.
 12241 | D:9      | 12241 ||| FLEEEEING.
 12242 | D:9      | 12242 ||| FLEEEEING.
 12246 | D:9      | 12246 ||| FLEEEEING.
 12247 | D:9      | 12247 ||| FLEEEEING.
 12248 | D:9      | 12248 ||| FLEEEEING.
 12252 | D:9      | 12252 ||| FLEEEEING.
 12253 | D:9      | 12253 ||| FLEEEEING.
 12254 | D:9      | 12254 ||| FLEEEEING.
 12289 | D:9      | 12289 ||| FLEEEEING.
 12290 | D:9      | 12290 ||| FLEEEEING.
 12291 | D:9      | 12291 ||| FLEEEEING.
 12295 | D:9      | 12295 ||| FLEEEEING.
 12296 | D:9      | 12296 ||| FLEEEEING.
 12297 | D:9      | 12297 ||| FLEEEEING.
 12301 | D:9      | 12301 ||| FLEEEEING.
 12302 | D:9      | 12302 ||| FLEEEEING.
 12303 | D:9      | 12303 ||| FLEEEEING.
 12351 | D:9      | 12351 ||| FLEEEEING.
 12353 | D:9      | 12353 ||| FLEEEEING.
 12354 | D:9      | 12354 ||| FLEEEEING.
 12355 | D:9      | 12355 ||| FLEEEEING.
 12359 | D:9      | 12359 ||| FLEEEEING.
 12360 | D:9      | 12360 ||| FLEEEEING.
 12361 | D:9      | 12361 ||| FLEEEEING.
 12367 | D:9      | 12367 ||| FLEEEEING.
 12368 | D:9      | 12368 ||| FLEEEEING.
 12369 | D:9      | 12369 ||| FLEEEEING.
 12422 | D:9      | 12422 ||| FLEEEEING.
 12423 | D:9      | 12423 ||| FLEEEEING.
 12424 | D:9      | 12424 ||| FLEEEEING.
 12428 | D:9      | 12428 ||| FLEEEEING.
 12429 | D:9      | 12429 ||| FLEEEEING.
 12430 | D:9      | 12430 ||| FLEEEEING.
 12434 | D:9      | 12434 ||| FLEEEEING.
 12435 | D:9      | 12435 ||| FLEEEEING.
 12435 | D:9      | HP: 16/64 [centaur/arrow (4)]
 12436 | D:9      | 12436 ||| FLEEEEING.
 12509 | D:9      | 12509 ||| FLEEEEING.
 12510 | D:9      | 12510 ||| FLEEEEING.
 12511 | D:9      | 12511 ||| FLEEEEING.
 12512 | D:9      | 12512 ||| FLEEEEING.
 12516 | D:9      | 12516 ||| FLEEEEING.
 12517 | D:9      | 12517 ||| FLEEEEING.
 12518 | D:9      | 12518 ||| FLEEEEING.
 12522 | D:9      | 12522 ||| FLEEEEING.
 12523 | D:9      | 12523 ||| FLEEEEING.
 12524 | D:9      | 12524 ||| FLEEEEING.
 12584 | D:9      | 12584 ||| FLEEEEING.
 12585 | D:9      | 12585 ||| FLEEEEING.
 12586 | D:9      | 12586 ||| FLEEEEING.
 12599 | D:9      | 12599 ||| FLEEEEING.
 12600 | D:9      | 12600 ||| FLEEEEING.
 12601 | D:9      | 12601 ||| FLEEEEING.
 12610 | D:9      | 12610 ||| FLEEEEING.
 12611 | D:9      | 12611 ||| FLEEEEING.
 12615 | D:9      | 12615 ||| FLEEEEING.
 12616 | D:9      | 12616 ||| FLEEEEING.
 12617 | D:9      | 12617 ||| FLEEEEING.
 12621 | D:9      | 12621 ||| FLEEEEING.
 12622 | D:9      | 12622 ||| FLEEEEING.
 12623 | D:9      | 12623 ||| FLEEEEING.
 12667 | D:9      | 12667 ||| FLEEEEING.
 12668 | D:9      | 12668 ||| FLEEEEING.
 12685 | D:9      | 12685 ||| FLEEEEING.
 12686 | D:9      | 12686 ||| FLEEEEING.
 12687 | D:9      | 12687 ||| FLEEEEING.
 12691 | D:9      | 12691 ||| FLEEEEING.
 12692 | D:9      | 12692 ||| FLEEEEING.
 12693 | D:9      | 12693 ||| FLEEEEING.
 12697 | D:9      | 12697 ||| FLEEEEING.
 12698 | D:9      | 12698 ||| FLEEEEING.
 12699 | D:9      | 12699 ||| FLEEEEING.
 12748 | D:9      | 12748 ||| FLEEEEING.
 12749 | D:9      | 12749 ||| FLEEEEING.
 12750 | D:9      | 12750 ||| FLEEEEING.
 12764 | D:9      | 12764 ||| FLEEEEING.
 12765 | D:9      | 12765 ||| FLEEEEING.
 12766 | D:9      | 12766 ||| FLEEEEING.
 12782 | D:9      | 12782 ||| FLEEEEING.
 12783 | D:9      | 12783 ||| FLEEEEING.
 12784 | D:9      | 12784 ||| FLEEEEING.
 12785 | D:9      | 12785 ||| FLEEEEING.
 12786 | D:9      | 12786 ||| FLEEEEING.
 12787 | D:9      | 12787 ||| FLEEEEING.
 12791 | D:9      | 12791 ||| FLEEEEING.
 12792 | D:9      | 12792 ||| FLEEEEING.
 12793 | D:9      | 12793 ||| FLEEEEING.
 12797 | D:9      | 12797 ||| FLEEEEING.
 12798 | D:9      | 12798 ||| FLEEEEING.
 12799 | D:9      | 12799 ||| FLEEEEING.
 12868 | D:9      | 12868 ||| FLEEEEING.
 12869 | D:9      | 12869 ||| FLEEEEING.
 12870 | D:9      | 12870 ||| FLEEEEING.
 12871 | D:9      | 12871 ||| FLEEEEING.
 12875 | D:9      | 12875 ||| FLEEEEING.
 12876 | D:9      | 12876 ||| FLEEEEING.
 12877 | D:9      | 12877 ||| FLEEEEING.
 12881 | D:9      | 12881 ||| FLEEEEING.
 12882 | D:9      | 12882 ||| FLEEEEING.
 12883 | D:9      | 12883 ||| FLEEEEING.
 12928 | D:9      | 12928 ||| FLEEEEING.
 12929 | D:9      | 12929 ||| FLEEEEING.
 12930 | D:9      | 12930 ||| FLEEEEING.
 12931 | D:9      | 12931 ||| FLEEEEING.
 12932 | D:9      | 12932 ||| FLEEEEING.
 12933 | D:9      | 12933 ||| FLEEEEING.
 12934 | D:9      | 12934 ||| FLEEEEING.
 12938 | D:9      | 12938 ||| FLEEEEING.
 12938 | D:9      | HP: 13/64 [centaur/arrow (8)]
 12939 | D:9      | 12939 ||| FLEEEEING.
 12939 | D:9      | HP: 6/64 [centaur/arrow (3)]
 12940 | D:9      | 12940 ||| FLEEEEING.
 12944 | D:9      | 12944 ||| FLEEEEING.
 12944 | D:9      | HP: 6/64 [centaur/arrow (3)]
 12945 | D:9      | 12945 ||| FLEEEEING.
 12946 | D:9      | 12946 ||| FLEEEEING.
 13027 | D:9      | 13027 ||| FLEEEEING.
 13028 | D:9      | 13028 ||| FLEEEEING.
 13029 | D:9      | 13029 ||| FLEEEEING.
 13041 | D:9      | 13041 ||| FLEEEEING.
 13042 | D:9      | 13042 ||| FLEEEEING.
 13043 | D:9      | 13043 ||| FLEEEEING.
 13048 | D:9      | 13048 ||| FLEEEEING.
 13049 | D:9      | 13049 ||| FLEEEEING.
 13050 | D:9      | 13050 ||| FLEEEEING.
 13063 | D:9      | 13063 ||| FLEEEEING.
 13083 | D:9      | 13083 ||| FLEEEEING.
 13084 | D:9      | 13084 ||| FLEEEEING.
 13092 | D:9      | 13092 ||| FLEEEEING.
 13101 | D:9      | 13101 ||| FLEEEEING.
 13105 | D:9      | 13105 ||| FLEEEEING.
 13106 | D:9      | 13106 ||| FLEEEEING.
 13107 | D:9      | 13107 ||| FLEEEEING.
 13158 | D:9      | 13158 ||| FLEEEEING.
 13159 | D:9      | 13159 ||| FLEEEEING.
 13160 | D:9      | 13160 ||| FLEEEEING.
 13161 | D:9      | 13161 ||| FLEEEEING.
 13165 | D:9      | 13165 ||| FLEEEEING.
 13166 | D:9      | 13166 ||| FLEEEEING.
 13167 | D:9      | 13167 ||| FLEEEEING.
 13171 | D:9      | 13171 ||| FLEEEEING.
 13172 | D:9      | 13172 ||| FLEEEEING.
 13173 | D:9      | 13173 ||| FLEEEEING.
 13227 | D:9      | 13227 ||| FLEEEEING.
 13228 | D:9      | 13228 ||| FLEEEEING.
 13229 | D:9      | 13229 ||| FLEEEEING.
 13240 | D:9      | 13240 ||| FLEEEEING.
 13241 | D:9      | 13241 ||| FLEEEEING.
 13242 | D:9      | 13242 ||| FLEEEEING.
 13246 | D:9      | 13246 ||| FLEEEEING.
 13247 | D:9      | 13247 ||| FLEEEEING.
 13248 | D:9      | 13248 ||| FLEEEEING.
 13252 | D:9      | 13252 ||| FLEEEEING.
 13253 | D:9      | 13253 ||| FLEEEEING.
 13254 | D:9      | 13254 ||| FLEEEEING.
 13308 | D:9      | 13308 ||| FLEEEEING.
 13309 | D:9      | 13309 ||| FLEEEEING.
 13310 | D:9      | 13310 ||| FLEEEEING.
 13314 | D:9      | 13314 ||| FLEEEEING.
 13315 | D:9      | 13315 ||| FLEEEEING.
 13316 | D:9      | 13316 ||| FLEEEEING.
 13320 | D:9      | 13320 ||| FLEEEEING.
 13321 | D:9      | 13321 ||| FLEEEEING.
 13322 | D:9      | 13322 ||| FLEEEEING.
 13368 | D:9      | 13368 ||| FLEEEEING.
 13369 | D:9      | 13369 ||| FLEEEEING.
 13370 | D:9      | 13370 ||| FLEEEEING.
 13385 | D:9      | 13385 ||| FLEEEEING.
 13386 | D:9      | 13386 ||| FLEEEEING.
 13387 | D:9      | 13387 ||| FLEEEEING.
 13401 | D:9      | 13401 ||| FLEEEEING.
 13402 | D:9      | 13402 ||| FLEEEEING.
 13403 | D:9      | 13403 ||| FLEEEEING.
 13417 | D:9      | 13417 ||| FLEEEEING.
 13418 | D:9      | 13418 ||| FLEEEEING.
 13419 | D:9      | 13419 ||| FLEEEEING.
 13423 | D:9      | 13423 ||| FLEEEEING.
 13424 | D:9      | 13424 ||| FLEEEEING.
 13425 | D:9      | 13425 ||| FLEEEEING.
 13439 | D:9      | 13439 ||| FLEEEEING.
 13440 | D:9      | 13440 ||| FLEEEEING.
 13441 | D:9      | 13441 ||| FLEEEEING.
 13445 | D:9      | 13445 ||| FLEEEEING.
 13446 | D:9      | 13446 ||| FLEEEEING.
 13447 | D:9      | 13447 ||| FLEEEEING.
 13497 | D:9      | 13497 ||| FLEEEEING.
 13498 | D:9      | 13498 ||| FLEEEEING.
 13499 | D:9      | 13499 ||| FLEEEEING.
 13503 | D:9      | 13503 ||| FLEEEEING.
 13504 | D:9      | 13504 ||| FLEEEEING.
 13505 | D:9      | 13505 ||| FLEEEEING.
 13509 | D:9      | 13509 ||| FLEEEEING.
 13510 | D:9      | 13510 ||| FLEEEEING.
 13511 | D:9      | 13511 ||| FLEEEEING.
 13559 | D:9      | 13559 ||| FLEEEEING.
 13560 | D:9      | 13560 ||| FLEEEEING.
 13561 | D:9      | 13561 ||| FLEEEEING.
 13562 | D:9      | 13562 ||| FLEEEEING.
 13576 | D:9      | 13576 ||| FLEEEEING.
 13577 | D:9      | 13577 ||| FLEEEEING.
 13578 | D:9      | 13578 ||| FLEEEEING.
 13579 | D:9      | 13579 ||| FLEEEEING.
 13583 | D:9      | 13583 ||| FLEEEEING.
 13584 | D:9      | 13584 ||| FLEEEEING.
 13585 | D:9      | 13585 ||| FLEEEEING.
 13589 | D:9      | 13589 ||| FLEEEEING.
 13590 | D:9      | 13590 ||| FLEEEEING.
 13591 | D:9      | 13591 ||| FLEEEEING.
 13643 | D:9      | 13643 ||| FLEEEEING.
 13644 | D:9      | 13644 ||| FLEEEEING.
 13645 | D:9      | 13645 ||| FLEEEEING.
 13646 | D:9      | 13646 ||| FLEEEEING.
 13650 | D:9      | 13650 ||| FLEEEEING.
 13651 | D:9      | 13651 ||| FLEEEEING.
 13652 | D:9      | 13652 ||| FLEEEEING.
 13657 | D:9      | 13657 ||| FLEEEEING.
 13658 | D:9      | 13658 ||| FLEEEEING.
 13659 | D:9      | 13659 ||| FLEEEEING.
 13669 | D:9      | 13669 ||| FLEEEEING.
 13695 | D:9      | 13695 ||| FLEEEEING.
 13696 | D:9      | 13696 ||| FLEEEEING.
 13697 | D:9      | 13697 ||| FLEEEEING.
 13698 | D:9      | 13698 ||| FLEEEEING.
 13699 | D:9      | 13699 ||| FLEEEEING.
 13703 | D:9      | 13703 ||| FLEEEEING.
 13704 | D:9      | 13704 ||| FLEEEEING.
 13705 | D:9      | 13705 ||| FLEEEEING.
 13709 | D:9      | 13709 ||| FLEEEEING.
 13710 | D:9      | 13710 ||| FLEEEEING.
 13711 | D:9      | 13711 ||| FLEEEEING.
 13767 | D:9      | 13767 ||| FLEEEEING.
 13772 | D:9      | 13772 ||| FLEEEEING.
 13773 | D:9      | 13773 ||| FLEEEEING.
 13774 | D:9      | 13774 ||| FLEEEEING.
 13778 | D:9      | 13778 ||| FLEEEEING.
 13779 | D:9      | 13779 ||| FLEEEEING.
 13780 | D:9      | 13780 ||| FLEEEEING.
 13794 | D:9      | 13794 ||| FLEEEEING.
 13798 | D:9      | 13798 ||| FLEEEEING.
 13799 | D:9      | 13799 ||| FLEEEEING.
 13800 | D:9      | 13800 ||| FLEEEEING.
 13845 | D:9      | 13845 ||| FLEEEEING.
 13846 | D:9      | 13846 ||| FLEEEEING.
 13847 | D:9      | 13847 ||| FLEEEEING.
 13848 | D:9      | 13848 ||| FLEEEEING.
 13849 | D:9      | 13849 ||| FLEEEEING.
 13850 | D:9      | 13850 ||| FLEEEEING.
 13851 | D:9      | 13851 ||| FLEEEEING.
 13852 | D:9      | 13852 ||| FLEEEEING.
 13856 | D:9      | 13856 ||| FLEEEEING.
 13857 | D:9      | 13857 ||| FLEEEEING.
 13858 | D:9      | 13858 ||| FLEEEEING.
 13862 | D:9      | 13862 ||| FLEEEEING.
 13863 | D:9      | 13863 ||| FLEEEEING.
 13864 | D:9      | 13864 ||| FLEEEEING.
 13927 | D:9      | 13927 ||| FLEEEEING.
 13928 | D:9      | 13928 ||| FLEEEEING.
 13929 | D:9      | 13929 ||| FLEEEEING.
 13933 | D:9      | 13933 ||| FLEEEEING.
 13934 | D:9      | 13934 ||| FLEEEEING.
 13935 | D:9      | 13935 ||| FLEEEEING.
 13939 | D:9      | 13939 ||| FLEEEEING.
 13940 | D:9      | 13940 ||| FLEEEEING.
 13941 | D:9      | 13941 ||| FLEEEEING.
 13983 | D:9      | 13983 ||| FLEEEEING.
 13984 | D:9      | 13984 ||| FLEEEEING.
 13985 | D:9      | 13985 ||| FLEEEEING.
 14001 | D:9      | 14001 ||| FLEEEEING.
 14002 | D:9      | 14002 ||| FLEEEEING.
 14003 | D:9      | 14003 ||| FLEEEEING.
 14004 | D:9      | 14004 ||| FLEEEEING.
 14005 | D:9      | 14005 ||| FLEEEEING.
 14009 | D:9      | 14009 ||| FLEEEEING.
 14010 | D:9      | 14010 ||| FLEEEEING.
 14011 | D:9      | 14011 ||| FLEEEEING.
 14015 | D:9      | 14015 ||| FLEEEEING.
 14016 | D:9      | 14016 ||| FLEEEEING.
 14020 | D:9      | 14020 ||| FLEEEEING.
 14058 | D:9      | 14058 ||| FLEEEEING.
 14059 | D:9      | 14059 ||| FLEEEEING.
 14060 | D:9      | 14060 ||| FLEEEEING.
 14061 | D:9      | 14061 ||| FLEEEEING.
 14065 | D:9      | 14065 ||| FLEEEEING.
 14066 | D:9      | 14066 ||| FLEEEEING.
 14067 | D:9      | 14067 ||| FLEEEEING.
 14071 | D:9      | 14071 ||| FLEEEEING.
 14072 | D:9      | 14072 ||| FLEEEEING.
 14073 | D:9      | 14073 ||| FLEEEEING.
 14123 | D:9      | 14123 ||| FLEEEEING.
 14124 | D:9      | 14124 ||| FLEEEEING.
 14125 | D:9      | 14125 ||| FLEEEEING.
 14129 | D:9      | 14129 ||| FLEEEEING.
 14130 | D:9      | 14130 ||| FLEEEEING.
 14131 | D:9      | 14131 ||| FLEEEEING.
 14135 | D:9      | 14135 ||| FLEEEEING.
 14136 | D:9      | 14136 ||| FLEEEEING.
 14137 | D:9      | 14137 ||| FLEEEEING.
 14203 | D:9      | 14203 ||| FLEEEEING.
 14204 | D:9      | 14204 ||| FLEEEEING.
 14205 | D:9      | 14205 ||| FLEEEEING.
 14206 | D:9      | 14206 ||| FLEEEEING.
 14207 | D:9      | 14207 ||| FLEEEEING.
 14211 | D:9      | 14211 ||| FLEEEEING.
 14212 | D:9      | 14212 ||| FLEEEEING.
 14213 | D:9      | 14213 ||| FLEEEEING.
 14217 | D:9      | 14217 ||| FLEEEEING.
 14218 | D:9      | 14218 ||| FLEEEEING.
 14219 | D:9      | 14219 ||| FLEEEEING.
 14262 | D:9      | 14262 ||| FLEEEEING.
 14263 | D:9      | 14263 ||| FLEEEEING.
 14264 | D:9      | 14264 ||| FLEEEEING.
 14276 | D:9      | 14276 ||| FLEEEEING.
 14277 | D:9      | 14277 ||| FLEEEEING.
 14288 | D:9      | 14288 ||| FLEEEEING.
 14289 | D:9      | 14289 ||| FLEEEEING.
 14293 | D:9      | 14293 ||| FLEEEEING.
 14294 | D:9      | 14294 ||| FLEEEEING.
 14295 | D:9      | 14295 ||| FLEEEEING.
 14299 | D:9      | 14299 ||| FLEEEEING.
 14300 | D:9      | 14300 ||| FLEEEEING.
 14301 | D:9      | 14301 ||| FLEEEEING.
 14348 | D:9      | 14348 ||| FLEEEEING.
 14349 | D:9      | 14349 ||| FLEEEEING.
 14350 | D:9      | 14350 ||| FLEEEEING.
 14351 | D:9      | 14351 ||| FLEEEEING.
 14355 | D:9      | 14355 ||| FLEEEEING.
 14355 | D:9      | HP: 16/64 [centaur/arrow (10)]
 14356 | D:9      | 14356 ||| FLEEEEING.
 14356 | D:9      | HP: 7/64 [centaur/arrow (10)]
 14357 | D:9      | 14357 ||| FLEEEEING.
 14361 | D:9      | 14361 ||| FLEEEEING.
 14362 | D:9      | 14362 ||| FLEEEEING.
 14363 | D:9      | 14363 ||| FLEEEEING.
 14443 | D:9      | 14443 ||| FLEEEEING.
 14444 | D:9      | 14444 ||| FLEEEEING.
 14445 | D:9      | 14445 ||| FLEEEEING.
 14446 | D:9      | 14446 ||| FLEEEEING.
 14450 | D:9      | 14450 ||| FLEEEEING.
 14451 | D:9      | 14451 ||| FLEEEEING.
 14452 | D:9      | 14452 ||| FLEEEEING.
 14456 | D:9      | 14456 ||| FLEEEEING.
 14456 | D:9      | HP: 16/64 [centaur/arrow (9)]
 14457 | D:9      | 14457 ||| FLEEEEING.
 14458 | D:9      | 14458 ||| FLEEEEING.
 14530 | D:9      | 14530 ||| FLEEEEING.
 14534 | D:9      | 14534 ||| FLEEEEING.
 14535 | D:9      | 14535 ||| FLEEEEING.
 14548 | D:9      | 14548 ||| FLEEEEING.
 14549 | D:9      | 14549 ||| FLEEEEING.
 14555 | D:9      | 14555 ||| FLEEEEING.
 14556 | D:9      | 14556 ||| FLEEEEING.
 14557 | D:9      | 14557 ||| FLEEEEING.
 14561 | D:9      | 14561 ||| FLEEEEING.
 14562 | D:9      | 14562 ||| FLEEEEING.
 14563 | D:9      | 14563 ||| FLEEEEING.
 14615 | D:9      | 14615 ||| FLEEEEING.
 14616 | D:9      | 14616 ||| FLEEEEING.
 14617 | D:9      | 14617 ||| FLEEEEING.
 14618 | D:9      | 14618 ||| FLEEEEING.
 14619 | D:9      | 14619 ||| FLEEEEING.
 14634 | D:9      | 14634 ||| FLEEEEING.
 14635 | D:9      | 14635 ||| FLEEEEING.
 14636 | D:9      | 14636 ||| FLEEEEING.
 14655 | D:9      | 14655 ||| FLEEEEING.
 14667 | D:9      | 14667 ||| FLEEEEING.
 14668 | D:9      | 14668 ||| FLEEEEING.
 14669 | D:9      | 14669 ||| FLEEEEING.
 14673 | D:9      | 14673 ||| FLEEEEING.
 14674 | D:9      | 14674 ||| FLEEEEING.
 14675 | D:9      | 14675 ||| FLEEEEING.
 14679 | D:9      | 14679 ||| FLEEEEING.
 14680 | D:9      | 14680 ||| FLEEEEING.
 14681 | D:9      | 14681 ||| FLEEEEING.
 14725 | D:9      | 14725 ||| FLEEEEING.
 14726 | D:9      | 14726 ||| FLEEEEING.
 14727 | D:9      | 14727 ||| FLEEEEING.
 14731 | D:9      | 14731 ||| FLEEEEING.
 14732 | D:9      | 14732 ||| FLEEEEING.
 14733 | D:9      | 14733 ||| FLEEEEING.
 14737 | D:9      | 14737 ||| FLEEEEING.
 14738 | D:9      | 14738 ||| FLEEEEING.
 14739 | D:9      | 14739 ||| FLEEEEING.
 14797 | D:9      | 14797 ||| FLEEEEING.
 14798 | D:9      | 14798 ||| FLEEEEING.
 14799 | D:9      | 14799 ||| FLEEEEING.
 14803 | D:9      | 14803 ||| FLEEEEING.
 14804 | D:9      | 14804 ||| FLEEEEING.
 14805 | D:9      | 14805 ||| FLEEEEING.
 14809 | D:9      | 14809 ||| FLEEEEING.
 14810 | D:9      | 14810 ||| FLEEEEING.
 14811 | D:9      | 14811 ||| FLEEEEING.
 14854 | D:9      | 14854 ||| FLEEEEING.
 14855 | D:9      | 14855 ||| FLEEEEING.
 14856 | D:9      | 14856 ||| FLEEEEING.
 14860 | D:9      | 14860 ||| FLEEEEING.
 14861 | D:9      | 14861 ||| FLEEEEING.
 14862 | D:9      | 14862 ||| FLEEEEING.
 14866 | D:9      | 14866 ||| FLEEEEING.
 14867 | D:9      | 14867 ||| FLEEEEING.
 14868 | D:9      | 14868 ||| FLEEEEING.
 14921 | D:9      | 14921 ||| FLEEEEING.
 14922 | D:9      | 14922 ||| FLEEEEING.
 14923 | D:9      | 14923 ||| FLEEEEING.
 14935 | D:9      | 14935 ||| FLEEEEING.
 14936 | D:9      | 14936 ||| FLEEEEING.
 14937 | D:9      | 14937 ||| FLEEEEING.
 14942 | D:9      | 14942 ||| FLEEEEING.
 14943 | D:9      | 14943 ||| FLEEEEING.
 14944 | D:9      | 14944 ||| FLEEEEING.
 14948 | D:9      | 14948 ||| FLEEEEING.
 14949 | D:9      | 14949 ||| FLEEEEING.
 14950 | D:9      | 14950 ||| FLEEEEING.
 14983 | D:9      | 14983 ||| FLEEEEING.
 14984 | D:9      | 14984 ||| FLEEEEING.
 14985 | D:9      | 14985 ||| FLEEEEING.
 14986 | D:9      | 14986 ||| FLEEEEING.
 14990 | D:9      | 14990 ||| FLEEEEING.
 14991 | D:9      | 14991 ||| FLEEEEING.
 14992 | D:9      | 14992 ||| FLEEEEING.
 14996 | D:9      | 14996 ||| FLEEEEING.
 14997 | D:9      | 14997 ||| FLEEEEING.
 14998 | D:9      | 14998 ||| FLEEEEING.
 15065 | D:9      | 15065 ||| FLEEEEING.
 15066 | D:9      | 15066 ||| FLEEEEING.
 15067 | D:9      | 15067 ||| FLEEEEING.
 15068 | D:9      | 15068 ||| FLEEEEING.
 15069 | D:9      | 15069 ||| FLEEEEING.
 15070 | D:9      | 15070 ||| FLEEEEING.
 15074 | D:9      | 15074 ||| FLEEEEING.
 15075 | D:9      | 15075 ||| FLEEEEING.
 15076 | D:9      | 15076 ||| FLEEEEING.
 15085 | D:9      | 15085 ||| FLEEEEING.
 15086 | D:9      | 15086 ||| FLEEEEING.
 15090 | D:9      | 15090 ||| FLEEEEING.
 15091 | D:9      | 15091 ||| FLEEEEING.
 15092 | D:9      | 15092 ||| FLEEEEING.
 15125 | D:9      | 15125 ||| FLEEEEING.
 15126 | D:9      | 15126 ||| FLEEEEING.
 15127 | D:9      | 15127 ||| FLEEEEING.
 15128 | D:9      | 15128 ||| FLEEEEING.
 15129 | D:9      | 15129 ||| FLEEEEING.
 15133 | D:9      | 15133 ||| FLEEEEING.
 15134 | D:9      | 15134 ||| FLEEEEING.
 15135 | D:9      | 15135 ||| FLEEEEING.
 15139 | D:9      | 15139 ||| FLEEEEING.
 15140 | D:9      | 15140 ||| FLEEEEING.
 15141 | D:9      | 15141 ||| FLEEEEING.
 15184 | D:9      | 15184 ||| FLEEEEING.
 15196 | D:9      | 15196 ||| FLEEEEING.
 15197 | D:9      | 15197 ||| FLEEEEING.
 15198 | D:9      | 15198 ||| FLEEEEING.
 15202 | D:9      | 15202 ||| FLEEEEING.
 15203 | D:9      | 15203 ||| FLEEEEING.
 15204 | D:9      | 15204 ||| FLEEEEING.
 15208 | D:9      | 15208 ||| FLEEEEING.
 15209 | D:9      | 15209 ||| FLEEEEING.
 15210 | D:9      | 15210 ||| FLEEEEING.
 15262 | D:9      | 15262 ||| FLEEEEING.
 15272 | D:9      | 15272 ||| FLEEEEING.
 15273 | D:9      | 15273 ||| FLEEEEING.
 15274 | D:9      | 15274 ||| FLEEEEING.
 15278 | D:9      | 15278 ||| FLEEEEING.
 15279 | D:9      | 15279 ||| FLEEEEING.
 15280 | D:9      | 15280 ||| FLEEEEING.
 15284 | D:9      | 15284 ||| FLEEEEING.
 15285 | D:9      | 15285 ||| FLEEEEING.
 15286 | D:9      | 15286 ||| FLEEEEING.
 15333 | D:9      | 15333 ||| FLEEEEING.
 15334 | D:9      | 15334 ||| FLEEEEING.
 15335 | D:9      | 15335 ||| FLEEEEING.
 15336 | D:9      | 15336 ||| FLEEEEING.
 15337 | D:9      | 15337 ||| FLEEEEING.
 15341 | D:9      | 15341 ||| FLEEEEING.
 15342 | D:9      | 15342 ||| FLEEEEING.
 15342 | D:9      | HP: 11/64 [centaur/arrow (10)]
 15343 | D:9      | 15343 ||| FLEEEEING.
 15347 | D:9      | 15347 ||| FLEEEEING.
 15348 | D:9      | 15348 ||| FLEEEEING.
 15349 | D:9      | 15349 ||| FLEEEEING.
 15430 | D:9      | 15430 ||| FLEEEEING.
 15431 | D:9      | 15431 ||| FLEEEEING.
 15432 | D:9      | 15432 ||| FLEEEEING.
 15433 | D:9      | 15433 ||| FLEEEEING.
 15434 | D:9      | 15434 ||| FLEEEEING.
 15435 | D:9      | 15435 ||| FLEEEEING.
 15436 | D:9      | 15436 ||| FLEEEEING.
 15437 | D:9      | 15437 ||| FLEEEEING.
 15441 | D:9      | 15441 ||| FLEEEEING.
 15442 | D:9      | 15442 ||| FLEEEEING.
 15442 | D:9      | HP: 12/64 [centaur/arrow (11)]
 15442 | D:9      | HP: 3/64 [centaur/arrow (9)]
 15443 | D:9      | 15443 ||| FLEEEEING.
 15447 | D:9      | 15447 ||| FLEEEEING.
 15447 | D:9      | HP: 3/64 [centaur/arrow (5)]
 15448 | D:9      | 15448 ||| FLEEEEING.
 15449 | D:9      | 15449 ||| FLEEEEING.
 15541 | D:9      | 15541 ||| FLEEEEING.
 15542 | D:9      | 15542 ||| FLEEEEING.
 15543 | D:9      | 15543 ||| FLEEEEING.
 15544 | D:9      | 15544 ||| FLEEEEING.
 15545 | D:9      | 15545 ||| FLEEEEING.
 15546 | D:9      | 15546 ||| FLEEEEING.
 15550 | D:9      | 15550 ||| FLEEEEING.
 15551 | D:9      | 15551 ||| FLEEEEING.
 15552 | D:9      | 15552 ||| FLEEEEING.
 15556 | D:9      | 15556 ||| FLEEEEING.
 15557 | D:9      | 15557 ||| FLEEEEING.
 15558 | D:9      | 15558 ||| FLEEEEING.
 15598 | D:9      | 15598 ||| FLEEEEING.
 15599 | D:9      | 15599 ||| FLEEEEING.
 15600 | D:9      | 15600 ||| FLEEEEING.
 15601 | D:9      | 15601 ||| FLEEEEING.
 15605 | D:9      | 15605 ||| FLEEEEING.
 15606 | D:9      | 15606 ||| FLEEEEING.
 15607 | D:9      | 15607 ||| FLEEEEING.
 15611 | D:9      | 15611 ||| FLEEEEING.
 15612 | D:9      | 15612 ||| FLEEEEING.
 15613 | D:9      | 15613 ||| FLEEEEING.
 15671 | D:9      | 15671 ||| FLEEEEING.
 15673 | D:9      | 15673 ||| FLEEEEING.
 15674 | D:9      | 15674 ||| FLEEEEING.
 15675 | D:9      | 15675 ||| FLEEEEING.
 15676 | D:9      | 15676 ||| FLEEEEING.
 15677 | D:9      | 15677 ||| FLEEEEING.
 15678 | D:9      | 15678 ||| FLEEEEING.
 15679 | D:9      | 15679 ||| FLEEEEING.
 15680 | D:9      | 15680 ||| FLEEEEING.
 15684 | D:9      | 15684 ||| FLEEEEING.
 15684 | D:9      | HP: 16/64 [centaur/arrow (7)]
 15685 | D:9      | 15685 ||| FLEEEEING.
 15686 | D:9      | 15686 ||| FLEEEEING.
 15690 | D:9      | 15690 ||| FLEEEEING.
 15690 | D:9      | HP: 4/64 [centaur/arrow (9)]
 15691 | D:9      | 15691 ||| FLEEEEING.
 15692 | D:9      | 15692 ||| FLEEEEING.
 15809 | D:9      | 15809 ||| UPGRADING to +1 helmet of the Spheres {rN++
                  | rCorr}.
 15814 | D:9      | 15814 ||| FLEEEEING.
 15815 | D:9      | 15815 ||| FLEEEEING.
 15816 | D:9      | 15816 ||| FLEEEEING.
 15836 | D:10     | Entered Level 10 of the Dungeon
 15896 | D:10     | 15896 ||| Stepping ~*~*~tactically~*~*~ (stealth).
 15899 | D:10     | Found a hide-covered altar of Uskayaw.
 15942 | D:10     | 15942 ||| Stepping ~*~*~tactically~*~*~ (hiding).
 15943 | D:10     | 15943 ||| Stepping ~*~*~tactically~*~*~ (hiding).
 15957 | D:10     | Reached XP level 11. HP: 68/68 MP: 16/16
 16430 | D:10     | 16430 ||| INVOKING Heroism.
 16431 | D:10     | 16431 ||| Stepping ~*~*~tactically~*~*~ (stealth).
 16555 | D:10     | Found a glowing golden altar of the Shining One.
 16602 | D:10     | 16602 ||| INVOKING Heroism.
 16606 | D:10     | 16606 ||| DRINKING potion of curing.
 16606 | D:10     | 16606 ||| (to cure confusion)
 16637 | D:10     | Reached skill level 11 in Axes
 16639 | D:10     | Noticed a deep elf zephyrmancer
 16647 | D:10     | 16647 ||| INVOKING Heroism.
 16655 | D:10     | Killed a deep elf zephyrmancer
 16688 | D:10     | Noticed a deep elf pyromancer
 16698 | D:10     | 16698 ||| INVOKING Heroism.
 16702 | D:10     | Killed a deep elf pyromancer
 16814 | D:10     | 16814 ||| DROPPING +1 hat.
 16815 | D:10     | 16815 ||| DROPPING +1 hat.
 16816 | D:10     | 16816 ||| READING scroll labelled ZECSUTT LALIHO.
 16817 | D:10     | 16817 ||| READING 5 scrolls of identify.
 16817 | D:10     | 16817 ||| IDENTIFYING fizzy blue potion
 16818 | D:10     | 16818 ||| READING 4 scrolls of identify.
 16818 | D:10     | 16818 ||| IDENTIFYING fuming green potion
 16819 | D:10     | 16819 ||| DROPPING potion of brilliance.
 16913 | D:11     | 16913 ||| STAIRDANCE
 16936 | D:11     | 16936 ||| STAIRDANCE
 16965 | D:11     | Noticed a manticore
 16966 | D:11     | 16966 ||| INVOKING Heroism.
 16974 | D:11     | Killed a manticore
 17037 | D:11     | Noticed a wizard
 17043 | D:11     | Killed a wizard
 17044 | D:11     | Reached skill level 9 in Fighting
 17046 | D:11     | Noticed a wizard
 17051 | Abyss:2  | Cast into level 2 of the Abyss (a wizard)
 17093 | D:11     | Escaped the Abyss
 17094 | D:11     | 17094 ||| INVOKING Heroism.
 17112 | D:11     | Killed a wizard
 17124 | D:11     | Reached skill level 12 in Axes
 17152 | D:11     | 17152 ||| Stepping ~*~*~tactically~*~*~ (stealth).
 17158 | D:11     | Noticed a wizard
 17159 | D:11     | 17159 ||| Stepping ~*~*~tactically~*~*~ (hiding).
 17162 | D:11     | 17162 ||| Stepping ~*~*~tactically~*~*~ (hiding).
 17172 | D:11     | Killed a wizard
 17173 | D:11     | Reached skill level 6 in Shields
 17176 | D:11     | 17176 ||| INVOKING Heroism.
 17179 | D:11     | Received a gift from Okawaru
 17209 | D:11     | Noticed a wizard
 17217 | D:11     | Killed a wizard
 17230 | D:11     | Noticed a wizard
 17230 | D:11     | 17230 ||| Stepping ~*~*~tactically~*~*~ (hiding).
 17331 | Abyss:3  | Cast into level 3 of the Abyss (a wizard)
 17332 | Abyss:3  | Found a corrupted altar of Lugonu.
 17346 | D:11     | Escaped the Abyss
 17348 | D:11     | 17348 ||| Stepping ~*~*~tactically~*~*~ (hiding).
 17356 | D:11     | Killed a wizard
 17357 | D:11     | Reached skill level 9 in Armour
 17357 | D:11     | Reached XP level 12. HP: 76/76 MP: 17/17
 17476 | D:11     | 17476 ||| Stepping ~*~*~tactically~*~*~ (hiding).
 17478 | D:11     | 17478 ||| Stepping ~*~*~tactically~*~*~ (hiding).
 17490 | D:11     | 17490 ||| Stepping ~*~*~tactically~*~*~ (stealth).
 17493 | Abyss:3  | Cast into level 3 of the Abyss (a wizard)
 17501 | Abyss:3  | 17501 ||| Stepping ~*~*~tactically~*~*~ (stealth).
 17513 | Abyss:3  | Noticed a thrashing horror
 17514 | Abyss:3  | Noticed a thrashing horror
 17515 | Abyss:3  | 17515 ||| Stepping ~*~*~tactically~*~*~ (stealth).
 17516 | Abyss:3  | 17516 ||| Stepping ~*~*~tactically~*~*~ (stealth).
 17528 | Abyss:3  | 17528 ||| INVOKING Heroism.
 17529 | Abyss:3  | Killed a thrashing horror
 17532 | Abyss:3  | Killed a thrashing horror
 17545 | Abyss:3  | Reached ***** piety under Okawaru
 17566 | Abyss:3  | 17566 ||| Stepping ~*~*~tactically~*~*~ (stealth).
 17601 | Abyss:3  | 17601 ||| Stepping ~*~*~tactically~*~*~ (stealth).
 17611 | Abyss:3  | 17611 ||| Stepping ~*~*~tactically~*~*~ (stealth).
 17612 | Abyss:3  | 17612 ||| Stepping ~*~*~tactically~*~*~ (stealth).
 17623 | Abyss:3  | Noticed a wretched star
 17636 | Abyss:3  | Killed a wretched star
 17645 | Abyss:3  | 17645 ||| Stepping ~*~*~tactically~*~*~ (hiding).
 17647 | Abyss:3  | 17647 ||| Stepping ~*~*~tactically~*~*~ (hiding).
 17651 | Abyss:3  | Noticed a bone dragon
 17654 | Abyss:3  | 17654 ||| INVOKING Heroism.
 17669 | Abyss:3  | HP: 16/69 [bone dragon (18)]
 17670 | Abyss:3  | 17670 ||| READING 3 scrolls of teleportation.
 17671 | Abyss:3  | 17671 ||| DRINKING 2 potions of heal wounds.
 17676 | Abyss:3  | Reached skill level 9 in Invocations
 17680 | Abyss:3  | HP: 15/69 [bone dragon (7)]
 17681 | Abyss:3  | 17681 ||| DRINKING potion of heal wounds.
 17712 | Abyss:3  | 17712 ||| Stepping ~*~*~tactically~*~*~ (stealth).
 17735 | Abyss:3  | 17735 ||| Stepping ~*~*~tactically~*~*~ (stealth).
 17736 | Abyss:3  | 17736 ||| Stepping ~*~*~tactically~*~*~ (stealth).
 17759 | Abyss:3  | Noticed a starcursed mass
 17779 | Abyss:3  | Killed a starcursed mass
 17785 | Abyss:3  | 17785 ||| INVOKING Heroism.
 17806 | Abyss:3  | 17806 ||| Stepping ~*~*~tactically~*~*~ (stealth).
 17813 | Abyss:3  | Noticed a tentacled starspawn
 17814 | Abyss:3  | 17814 ||| Stepping ~*~*~tactically~*~*~ (hiding).
 17815 | Abyss:3  | 17815 ||| Stepping ~*~*~tactically~*~*~ (hiding).
 17817 | Abyss:3  | 17817 ||| Stepping ~*~*~tactically~*~*~ (hiding).
 17824 | Abyss:3  | 17824 ||| INVOKING Heroism.
 17828 | Abyss:3  | Killed a tentacled starspawn
 17828 | Abyss:3  | Identified the +3 crystal plate armour of the Marlin {Harm}
                  | (Okawaru gifted it to you on level 3 of the Abyss)
 17828 | Abyss:3  | Received a gift from Okawaru
 17837 | Abyss:3  | Noticed a wretched star
 17854 | Abyss:3  | Killed a wretched star
 17869 | Abyss:3  | 17869 ||| Stepping ~*~*~tactically~*~*~ (stealth).
 17874 | Abyss:3  | 17874 ||| Stepping ~*~*~tactically~*~*~ (stealth).
 17881 | Abyss:3  | 17881 ||| INVOKING Heroism.
 17884 | Abyss:3  | Noticed a lich
 17884 | Abyss:3  | 17884 ||| Stepping ~*~*~tactically~*~*~ (stealth).
 17887 | Abyss:3  | Reached skill level 13 in Axes
 17895 | Abyss:3  | 17895 ||| Stepping ~*~*~tactically~*~*~ (stealth).
 17931 | D:11     | Escaped the Abyss
 17932 | D:11     | 17932 ||| Stepping ~*~*~tactically~*~*~ (hiding).
 17942 | Abyss:3  | Cast into level 3 of the Abyss (a wizard)
 17986 | Abyss:3  | Noticed a thrashing horror
 17987 | Abyss:3  | 17987 ||| Stepping ~*~*~tactically~*~*~ (stealth).
 17997 | Abyss:3  | 17997 ||| INVOKING Heroism.
 18003 | Abyss:3  | Killed a thrashing horror
 18004 | Abyss:3  | Reached XP level 13. HP: 63/82 MP: 17/20
 18039 | Abyss:3  | Noticed a tentacled starspawn
 18040 | Abyss:3  | 18040 ||| Stepping ~*~*~tactically~*~*~ (stealth).
 18041 | Abyss:3  | 18041 ||| Stepping ~*~*~tactically~*~*~ (hiding).
 18047 | Abyss:3  | Killed a tentacled starspawn
 18059 | Abyss:3  | Noticed a starcursed mass
 18060 | Abyss:3  | 18060 ||| Stepping ~*~*~tactically~*~*~ (stealth).
 18075 | Abyss:3  | 18075 ||| Stepping ~*~*~tactically~*~*~ (stealth).
 18078 | Abyss:3  | 18078 ||| INVOKING Heroism.
 18097 | Abyss:3  | 18097 ||| Stepping ~*~*~tactically~*~*~ (stealth).
 18103 | Abyss:3  | 18103 ||| Stepping ~*~*~tactically~*~*~ (hiding).
 18111 | Abyss:3  | Reached skill level 14 in Axes
 18128 | Abyss:3  | Found a shadowy altar of Dithmenos.
 18181 | Abyss:3  | 18181 ||| Stepping ~*~*~tactically~*~*~ (stealth).
 18184 | Abyss:3  | 18184 ||| Stepping ~*~*~tactically~*~*~ (stealth).
 18221 | Abyss:3  | Found a shadowy altar of Dithmenos.
 18266 | Abyss:3  | Noticed a starcursed mass
 18267 | Abyss:3  | 18267 ||| Stepping ~*~*~tactically~*~*~ (hiding).
 18268 | Abyss:3  | 18268 ||| Stepping ~*~*~tactically~*~*~ (hiding).
 18269 | Abyss:3  | 18269 ||| Stepping ~*~*~tactically~*~*~ (stealth).
 18270 | Abyss:3  | 18270 ||| Stepping ~*~*~tactically~*~*~ (hiding).
 18272 | Abyss:3  | 18272 ||| Stepping ~*~*~tactically~*~*~ (hiding).
 18273 | Abyss:3  | 18273 ||| Stepping ~*~*~tactically~*~*~ (hiding).
 18274 | Abyss:3  | 18274 ||| Stepping ~*~*~tactically~*~*~ (hiding).
 18276 | Abyss:3  | 18276 ||| INVOKING Heroism.
 18283 | Abyss:3  | Noticed a tentacled starspawn
 18286 | Abyss:3  | 18286 ||| Stepping ~*~*~tactically~*~*~ (hiding).
 18286 | Abyss:3  | Noticed a blizzard demon
 18287 | Abyss:3  | 18287 ||| Stepping ~*~*~tactically~*~*~ (hiding).
 18298 | Abyss:3  | Killed a tentacled starspawn
 18306 | Abyss:3  | Killed a blizzard demon
 18307 | Abyss:3  | HP: 5/82 [something (18)]
 18308 | Abyss:3  | 18308 ||| Stepping ~*~*~tactically~*~*~ (cloud).
 18308 | Abyss:3  | Noticed a tentacled starspawn
 18309 | Abyss:3  | 18309 ||| READING 2 scrolls of teleportation.
 18316 | Abyss:3  | Killed a tentacled starspawn
 18316 | Abyss:3  | Received a gift from Okawaru
 18319 | D:11     | Escaped the Abyss
 18321 | D:11     | 18321 ||| FLEEEEING.
 18322 | D:11     | 18322 ||| FLEEEEING.
 18426 | D:11     | 18426 ||| Invisible monster not found???
 18476 | D:11     | 18476 ||| Stepping ~*~*~tactically~*~*~ (stealth).
 18477 | D:11     | 18477 ||| Stepping ~*~*~tactically~*~*~ (stealth).
 18480 | D:11     | 18480 ||| Stepping ~*~*~tactically~*~*~ (stealth).
 18501 | D:11     | 18501 ||| Stepping ~*~*~tactically~*~*~ (stealth).
 18504 | D:11     | Found a staircase to the Lair.
 18587 | D:11     | 18587 ||| INVOKING Heroism.
 18746 | D:11     | Found the +3 warlock's mirror {reflect}
 18768 | D:11     | 18768 ||| Stepping ~*~*~tactically~*~*~ (stealth).
 18941 | D:11     | 18941 ||| Stepping ~*~*~tactically~*~*~ (hiding).
 19074 | D:11     | 19074 ||| READING scroll labelled GOXZIP DEOPIPN.
 19175 | D:11     | 19175 ||| STAIRDANCE
 19195 | D:11     | 19195 ||| PLANNING LAIR
 19195 | D:11     | 19195 ||| DRINKING 3 green potions.
 19296 | D:11     | 19296 ||| DROPPING 2 potions of ambrosia.
 19379 | Lair:1   | Entered Level 1 of the Lair of Beasts
 19384 | Lair:1   | 19384 ||| INVOKING Heroism.
 19397 | Lair:1   | Received a gift from Okawaru
 19413 | Lair:1   | 19413 ||| Stepping ~*~*~tactically~*~*~ (stealth).
 19414 | Lair:1   | 19414 ||| Stepping ~*~*~tactically~*~*~ (stealth).
 19518 | Lair:1   | 19518 ||| INVOKING Heroism.
 19595 | Lair:1   | 19595 ||| INVOKING Heroism.
 19638 | Lair:1   | Received a gift from Okawaru
 19670 | Lair:1   | Reached skill level 15 in Axes
 19728 | Lair:1   | 19728 ||| Stepping ~*~*~tactically~*~*~ (stealth).
 19730 | Lair:1   | 19730 ||| INVOKING Heroism.
 19732 | Lair:1   | 19732 ||| Stepping ~*~*~tactically~*~*~ (stealth).
 19745 | Lair:1   | Gained mutation: Your large and strong wings let you fly.
                  | [Gargoyle growth]
 19745 | Lair:1   | Reached XP level 14. HP: 83/90 MP: 21/21
 19746 | Lair:1   | Reached skill level 3 in Dodging
 20048 | Lair:1   | 20048 ||| INVOKING Heroism.
 20079 | Lair:1   | 20079 ||| Stepping ~*~*~tactically~*~*~ (stealth).
 20085 | Lair:1   | 20085 ||| Stepping ~*~*~tactically~*~*~ (stealth).
 20093 | Lair:1   | Reached skill level 12 in Fighting
 20425 | Lair:1   | 20425 ||| DROPPING scarf of shadows.
 20426 | Lair:1   | 20426 ||| READING scroll labelled OCAUNGERUH.
 20481 | Lair:2   | You are sucked into a shaft and drop 1 floor!
 20500 | Lair:2   | Noticed Sonja
 20501 | Lair:2   | 20501 ||| INVOKING Finesse.
 20532 | Lair:2   | 20532 ||| INVOKING Heroism.
 20532 | Lair:2   | HP: 20/92 [Sonja/+2 dagger of distortion (5)]
 20533 | Lair:2   | 20533 ||| READING scroll of teleportation.
 20533 | Lair:2   | Slain by Sonja

Levels and vault maps discovered:
D:1:      lemuel_arrival_broad_hall, layout_loops_cross, hex_large,
          st_stairs_10, minivault_26, hangedman_decor_opposing,
          hangedman_feature_mirror, hex_tiny
D:2:      layout_loops_corners, shapermc_ecumenical_altar_mp_vishouse,
          kennysheep_cluttered_room, corexii_shack, uniq_jessica,
          uniq_crazy_yiuf_cottage, uniq_natasha
D:3:      layout_loops_ring, old_standard_altar, serial_shops,
          nicolae_shop_window_shopping, gammafunk_ghost_grave,
          kennysheep_generic_room_11
D:4:      layout_basic, minmay_temple_entry_mini_moons
D:5:      layout_gridville, roderic_lattice_a, lexackson_kobold_supper
D:6:      layout_loops_cross, minmay_ruined_shrine
D:7:      layout_rooms, mainiacjoe_overflow_surrounded_room,
          nemelex_spade_bored_becter, ashenzari_altar_1, enter_bailey_3
D:8:      layout_loops_ring, lemuel_doored_altar
D:9:      layout_irregular_city, overflow_temple_1_default, zin_statuary,
          centaur_isle
D:10:     layout_grid_maze, eat_drink_and_be_merry_uskayaw,
          nicolae_tso_swordbearing_angel, hangedman_minor_magic
D:11:     minmay_smoke_and_mirrors, layout_long_grid,
          due_lair_maze_entry_diamond, nicolae_fountain_basement
Temple:   hellmonk_temple_forest_ring
Lair:1:   layout_cave_pods, beast_lair_carwin_5
Lair:2:   layout_regular_city, nicolae_swamp_entry_splash_gauntlet,
          serial_bayou_shore_a, uniq_sonja
Lair:3:   layout_cellular_growth, guppyfry_snake_entry_garden

Skill      XL: |  1  2  3  4  5  6  7  8  9 10 11 12 13 14 |
---------------+-------------------------------------------+-----
Axes           | 2 3 4 5 6 7 8 10 12 13 15 | 15.0
Fighting       | 4 5 6 7 8 9 10 11 12 | 12.0
Dodging        | 1 2 3 |  3.1
Invocations    | 1 4 6 10 | 10.0
Armour         | 4 7 9 10 | 10.6
Throwing       | 1 2 |  2.7
Shields        | 4 5 6 7 |  7.1

Action                   |  1- 3 |  4- 6 |  7- 9 | 10-12 | 13-15 || total
-------------------------+-------+-------+-------+-------+-------++-------
Melee: War axe           |    89 |   196 |   231 |   443 |   318 ||  1277
Throw: Boomerang         |       |       |    12 |    47 |    42 ||   101
Invok: Heroism           |       |       |    10 |    67 |     9 ||    86
       Finesse           |       |       |       |       |     1 ||     1
  Use: Scroll            |     6 |     7 |     6 |    11 |     4 ||    34
       Potion            |       |       |     1 |     3 |     1 ||     5
 Stab: Distracted        |       |       |       |     1 |       ||     1
Armor: Scale mail        |    34 |       |       |       |       ||    34
       Chain mail        |    22 |    93 |   142 |    12 |       ||   269
       Plate armour      |       |       |       |  3095 |   177 ||  3272
Dodge: Dodged            |    40 |    60 |    83 |  1717 |    95 ||  1995
Block: Buckler           |    13 |    30 |    60 |  1449 |    81 ||  1633

Table legend:
 A = Non-vault XP
 B = Vault XP
 C = Vault XP percentage of total XP
 D = Non-vault monster count
 E = Vault monster count
 F = Vault count percentage of total count
                 A         B        C        D         E       F
            +---------+---------+-------+---------+---------+-------
      Total |   47782 |   13077 |  21.5 |     308 |      76 |  19.8
            +---------+---------+-------+---------+---------+-------
        D:1 |      22 |      12 |  35.3 |      14 |       8 |  36.4
        D:2 |     138 |      75 |  35.2 |      23 |       3 |  11.5
        D:3 |     137 |       2 |   1.4 |      18 |       1 |   5.3
        D:4 |     237 |       0 |   0.0 |      23 |       0 |   0.0
        D:5 |     650 |     110 |  14.5 |      21 |       8 |  27.6
        D:6 |     823 |     456 |  35.7 |      12 |       7 |  36.8
        D:7 |     974 |       8 |   0.8 |      19 |       4 |  17.4
        D:8 |    2698 |       0 |   0.0 |      15 |       0 |   0.0
        D:9 |    2128 |       0 |   0.0 |      23 |       0 |   0.0
       D:10 |    1849 |    1699 |  47.9 |      17 |      17 |  50.0
       D:11 |    5458 |    8989 |  62.2 |      24 |      22 |  47.8
     Lair:1 |    9232 |    1726 |  15.8 |      37 |       6 |  14.0
     Lair:2 |     898 |       0 |   0.0 |       3 |       0 |   0.0
     Lair:3 |     199 |       0 |   0.0 |       1 |       0 |   0.0
    Abyss:2 |     183 |       0 |   0.0 |       1 |       0 |   0.0
    Abyss:3 |   22156 |       0 |   0.0 |      57 |       0 |   0.0
            +---------+---------+-------+---------+---------+-------
